Los Angeles Kings vs Vegas Golden Knights

Created - Friday, March 6, 2026 at 07:25

Goals
1 2 3 T
Los Angeles Kings 3 1 0 4
Vegas Golden Knights 0 1 0 1
Shots
1 2 3 T
Los Angeles Kings 11 12 13 36
Vegas Golden Knights 9 15 13 37

1st period

1. Los Angeles Kings , Andrei Svechnikov 11 (Andrei Kuzmenko 15, Adam Fantilli 19) at 13:26
2. Los Angeles Kings , Charlie McAvoy 4 (Ryan Suter 9) at 14:22 (PP)
3. Los Angeles Kings , Andrei Svechnikov 12 (Jackson Blake 7, Alexander Romanov 5) at 18:07

Penalties :
Shea Theodore (VGK) for Interference (Minor) at 2:59, Erik Johnson (VGK) for High sticking (Minor) at 13:49, Charlie McAvoy (LAK) for Holding (Minor) at 15:17

2nd period

4. Vegas Golden Knights , Jordan Staal 8 (Reilly Smith 12) at 15:27
5. Los Angeles Kings , Jansen Harkins 10 (Jackson Blake 8, Charlie McAvoy 9) at 16:42

Penalties :
No Penalty

3rd period

No Goal

Penalties :
Roman Josi (VGK) for Tripping (Minor) at 8:14, Evander Kane (LAK) for Tripping (Minor) at 15:02

Goalie Stats

Spencer Knight (LAK), 36 saves from 37 shots - (0.973), W, 5-10-0, 60:00 minutes
Mackenzie Blackwood (VGK), 32 saves from 36 shots - (0.889), L, 19-4-4, 60:00 minutes

Players Stats for Los Angeles Kings

Player Name              G  A  P  +/- PIM S  H  SB GA TA FO     MP     PP MP  PK MP  
------------------------------------------------------------------------------------
Adam Fantilli            0  1  1   2  0   4  4  3  1  1  13/19  19:14   2:14   2:00 
Alexander Romanov        0  1  1   0  0   1  0  1  0  0  0/0    13:08   0:00   0:00 
Andrei Kuzmenko          0  1  1   2  0   3  1  1  0  0  0/2    17:05   2:14   0:04 
Andrei Svechnikov        2  0  2   2  0   4  1  0  0  0  0/1    18:50   2:14   1:54 
Charlie McAvoy           1  1  2   1  2   2  0  0  0  0  0/0    18:19   2:06   0:42 
Cooper Marody            0  0  0   0  0   2  1  0  0  0  0/0     9:53   0:00   0:00 
Evander Kane             0  0  0   0  2   2  2  0  0  0  3/18   14:24   0:00   0:00 
Jackson Blake            0  2  2   0  0   1  1  0  0  0  0/1    12:16   0:00   0:00 
Jakub Zboril             0  0  0   0  0   0  0  0  0  0  0/0    13:55   0:00   0:47 
Jansen Harkins           1  0  1   0  0   3  0  1  0  0  3/9    16:08   2:17   2:00 
Joseph Veleno            0  0  0   0  0   4  2  0  0  0  4/4    12:33   2:17   0:04 
K'Andre Miller           0  0  0   1  0   3  4  2  0  3  0/0    27:46   2:25   2:29 
Logan Cooley             0  0  0   0  0   5  0  0  1  0  1/5    18:25   2:17   1:54 
MacKenzie Weegar         0  0  0   1  0   1  2  2  1  0  0/0    27:29   2:25   2:13 
Mikey Eyssimont          0  0  0   0  0   0  0  0  0  0  0/0    10:36   0:00   0:00 
Ryan Suter               0  1  1   1  0   0  1  1  0  0  0/0    19:23   2:06   1:45 
Vitali Kravtsov          0  0  0   0  0   0  0  1  0  0  0/1    12:16   0:00   0:00 
Will Smith               0  0  0   0  0   1  0  0  0  0  3/6    14:20   0:00   0:00 

Players Stats for Vegas Golden Knights

Player Name              G  A  P  +/- PIM S  H  SB GA TA FO     MP     PP MP  PK MP  
------------------------------------------------------------------------------------
Anthony Mantha           0  0  0  -1  0   2  4  1  0  0  0/0    11:19   2:43   0:00 
Auston Matthews          0  0  0   0  0   2  1  1  0  0  0/0    16:48   1:39   0:00 
Bryan Rust               0  0  0   0  0   2  2  0  1  0  0/0    16:30   1:39   0:00 
Cole Smith               0  0  0   1  0   0  2  0  0  0  0/2    14:44   0:01   2:15 
Erik Johnson             0  0  0   0  2   1  0  0  0  1  0/0    17:28   0:00   1:40 
Jared McCann             0  0  0  -2  0   3  1  1  1  0  0/2    17:04   2:18   0:00 
Jordan Staal             1  0  1   1  0   6  2  0  0  0  19/25  17:02   2:18   2:16 
Mathew Barzal            0  0  0  -1  0   1  0  0  0  0  0/2    10:20   1:15   0:00 
Mathieu Olivier          0  0  0  -1  0   2  2  0  0  0  0/0    11:42   0:01   2:15 
Mika Zibanejad           0  0  0   0  0   3  0  2  0  0  14/22  16:30   1:39   0:00 
Reilly Smith             0  1  1   1  0   3  1  0  1  0  0/1    15:09   0:01   2:16 
Roman Josi               0  0  0   0  2   2  1  0  0  0  0/0    19:51   0:00   1:25 
Sean Monahan             0  0  0  -2  0   4  0  1  0  1  5/10   14:46   0:00   0:00 
Shea Theodore            0  0  0   0  2   3  0  0  0  0  0/0    15:26   0:00   0:00 
Thomas Chabot            0  0  0  -2  0   0  0  1  0  0  0/0    22:49   2:43   2:18 
Travis Hamonic           0  0  0  -2  0   2  0  1  0  0  0/0    18:08   0:00   0:48 
Tyler Toffoli            0  0  0  -2  0   1  4  0  0  0  1/2    17:04   2:18   0:00 
Zach Bogosian            0  0  0   0  0   0  1  1  1  1  0/0    22:46   1:15   2:51 

3 Stars

1 - Spencer Knight (LAK)
2 - Andrei Svechnikov (LAK)
3 - Adam Fantilli (LAK)

Power Play

Los Angeles Kings - 1 on 3 Attempt(s) - 33.33%
Vegas Golden Knights - 0 on 2 Attempt(s) - 0.00%

Penalty Kill

Los Angeles Kings - 2 on 2 Attempt(s) - 100.00% - Score 0 goal in Penalty Kill
Vegas Golden Knights - 2 on 3 Attempt(s) - 66.67% - Score 0 goal in Penalty Kill

Team Stat

Los Angeles Kings - Hits : 19 - Faceoff Wins : 27 - Blocked Shots : 12 - Penalty Minutes : 4
Vegas Golden Knights - Hits : 21 - Faceoff Wins : 39 - Blocked Shots : 9 - Penalty Minutes : 6

Official

Referees : Pierre Lambert and Trevor Hanson
Linesman : Travis Gawryletz and Steve Barton

Game Notes

No Game Note

Finance

Level 1 -- Attendance: 5256 (87.60%) -- Ticket Income $499,320
Level 2 -- Attendance: 4911 (98.22%) -- Ticket Income $270,105
Level 3 -- Attendance: 2792 (93.07%) -- Ticket Income $83,760
Level 4 -- Attendance: 5000 (100.00%) -- Ticket Income $100,000
Luxury Box -- Attendance: 909 (90.90%) -- Ticket Income $172,710
Game was played at the T-Mobile Arena.
Total Attendance: 18868 (94.34%)
Total Ticket Income: $1,125,895
Other Income: $394,063
Total Income: $1,519,958

Los Angeles Kings

5 vs 5 Forward 
   Center                   Left Wing                Right Wing               Time % Phy DF OF 
 1 Evander Kane             Will Smith               Logan Cooley             30     1   2  2  
 2 Adam Fantilli            Andrei Svechnikov        Andrei Kuzmenko          30     1   2  2  
 3 Jansen Harkins           Vitali Kravtsov          Jackson Blake            25     1   2  2  
 4 Joseph Veleno            Mikey Eyssimont          Cooper Marody            15     1   2  2  

5 vs 5 Defense 
   Defense                  Defense                                           Time % Phy DF OF 
 1 MacKenzie Weegar         K'Andre Miller                                    30     1   2  2  
 2 Charlie McAvoy           Ryan Suter                                        30     1   2  2  
 3 Alexander Romanov        Jakub Zboril                                      25     1   2  2  
 4 MacKenzie Weegar         K'Andre Miller                                    15     1   2  2  

PowerPlay Forward 
   Center                   Left Wing                Right Wing               Time % Phy DF OF 
 1 Joseph Veleno            Jansen Harkins           Logan Cooley             50     1   2  2  
 2 Adam Fantilli            Andrei Svechnikov        Andrei Kuzmenko          50     1   2  2  

PowerPlay Defense
   Defense                  Defense                                           Time % Phy DF OF 
 1 MacKenzie Weegar         K'Andre Miller                                    50     1   2  2  
 2 Charlie McAvoy           Ryan Suter                                        50     1   2  2  

Penalty Kill 4 Players Forward 
   Center                   Wing                     Time % Phy DF OF 
 1 Adam Fantilli            Jansen Harkins           50     1   2  2  
 2 Logan Cooley             Andrei Svechnikov        50     1   2  2  

Penalty Kill 4 Players Defense
   Defense                  Defense                  Time % Phy DF OF 
 1 MacKenzie Weegar         K'Andre Miller           50     1   2  2  
 2 Charlie McAvoy           Ryan Suter               50     1   2  2  

Penalty Kill - 3 Players Forward 
   Forward                                           Time % Phy DF OF 
 1 Logan Cooley                                      50     1   2  2  
 2 Andrei Svechnikov                                 50     1   2  2  

Penalty Kill - 3 Players Defense
   Defense                  Defense                  Time % Phy DF OF 
 1 MacKenzie Weegar         K'Andre Miller           50     1   2  2  
 2 Charlie McAvoy           Ryan Suter               50     1   2  2  

4 vs 4 Forward 
   Center                   Wing                     Time % Phy DF OF 
 1 Jansen Harkins           Adam Fantilli            50     1   2  2  
 2 Logan Cooley             Andrei Svechnikov        50     1   2  2  

4 vs 4 Defense
   Defense                  Defense                  Time % Phy DF OF 
 1 MacKenzie Weegar         K'Andre Miller           50     1   2  2  
 2 Charlie McAvoy           Ryan Suter               50     1   2  2  

Last Minutes Offensive
   Center                   Left Wing                Right Wing               Defense                  Defense                  
   Evander Kane             Will Smith               Logan Cooley             MacKenzie Weegar         K'Andre Miller           

Last Minutes Defensive
   Center                   Left Wing                Right Wing               Defense                  Defense                  
   Evander Kane             Will Smith               Logan Cooley             MacKenzie Weegar         K'Andre Miller           

Goaltenders
Starting : Spencer Knight           
Backup : Carl Lindbom             

Extra Forwards
Normal : Mikey Eyssimont, Jansen Harkins, Joseph Veleno - PP : Mikey Eyssimont, Jansen Harkins - PK : Joseph Veleno
Extra Defensemen
Normal : Alexander Romanov, Jakub Zboril, Charlie McAvoy - PP : Alexander Romanov - PK : Jakub Zboril, Charlie McAvoy
Penalty Shots
Joseph Veleno, Jansen Harkins, Logan Cooley, Andrei Svechnikov, Adam Fantilli

Scratches
Seth Jarvis (Healthy), Drew Helleson (Healthy), Victor Ostman (Healthy)

Vegas Golden Knights

5 vs 5 Forward 
   Center                   Left Wing                Right Wing               Time % Phy DF OF 
 1 Mika Zibanejad           Auston Matthews          Bryan Rust               30     1   2  2  
 2 Sean Monahan             Jared McCann             Tyler Toffoli            30     1   2  2  
 3 Jordan Staal             Cole Smith               Reilly Smith             25     1   2  2  
 4 Mathew Barzal            Anthony Mantha           Mathieu Olivier          15     1   2  2  

5 vs 5 Defense 
   Defense                  Defense                                           Time % Phy DF OF 
 1 Roman Josi               Zach Bogosian                                     35     1   2  2  
 2 Thomas Chabot            Travis Hamonic                                    35     1   2  2  
 3 Shea Theodore            Erik Johnson                                      30     1   2  2  
 4 Zach Bogosian            Thomas Chabot                                     0      1   2  2  

PowerPlay Forward 
   Center                   Left Wing                Right Wing               Time % Phy DF OF 
 1 Mika Zibanejad           Auston Matthews          Bryan Rust               50     1   2  2  
 2 Jordan Staal             Jared McCann             Tyler Toffoli            50     1   2  2  

PowerPlay Defense
   Defense                  Defense                                           Time % Phy DF OF 
 1 Mathew Barzal            Zach Bogosian                                     50     1   2  2  
 2 Anthony Mantha           Thomas Chabot                                     50     1   2  2  

Penalty Kill 4 Players Forward 
   Center                   Wing                     Time % Phy DF OF 
 1 Jordan Staal             Reilly Smith             50     1   2  2  
 2 Cole Smith               Mathieu Olivier          50     1   2  2  

Penalty Kill 4 Players Defense
   Defense                  Defense                  Time % Phy DF OF 
 1 Thomas Chabot            Zach Bogosian            50     1   2  2  
 2 Roman Josi               Erik Johnson             50     1   2  2  

Penalty Kill - 3 Players Forward 
   Forward                                           Time % Phy DF OF 
 1 Jordan Staal                                      50     1   2  2  
 2 Cole Smith                                        50     1   2  2  

Penalty Kill - 3 Players Defense
   Defense                  Defense                  Time % Phy DF OF 
 1 Thomas Chabot            Zach Bogosian            50     1   2  2  
 2 Travis Hamonic           Erik Johnson             50     1   2  2  

4 vs 4 Forward 
   Center                   Wing                     Time % Phy DF OF 
 1 Mika Zibanejad           Auston Matthews          50     1   2  2  
 2 Jordan Staal             Bryan Rust               50     1   2  2  

4 vs 4 Defense
   Defense                  Defense                  Time % Phy DF OF 
 1 Erik Johnson             Zach Bogosian            50     1   2  2  
 2 Thomas Chabot            Travis Hamonic           50     1   2  2  

Last Minutes Offensive
   Center                   Left Wing                Right Wing               Defense                  Defense                  
   Mika Zibanejad           Auston Matthews          Bryan Rust               Roman Josi               Thomas Chabot            

Last Minutes Defensive
   Center                   Left Wing                Right Wing               Defense                  Defense                  
   Jordan Staal             Auston Matthews          Bryan Rust               Thomas Chabot            Zach Bogosian            

Goaltenders
Starting : Mackenzie Blackwood      
Backup : Philipp Grubauer         

Extra Forwards
Normal : Bryan Rust, Auston Matthews, Mika Zibanejad - PP : Jordan Staal, Reilly Smith - PK : Auston Matthews
Extra Defensemen
Normal : Thomas Chabot, Erik Johnson, Zach Bogosian - PP : Thomas Chabot - PK : Zach Bogosian, Thomas Chabot
Penalty Shots
Auston Matthews, Mika Zibanejad, Bryan Rust, Jordan Staal, Tyler Toffoli

Scratches
Brendan Smith (Healthy), Jack Johnson (Healthy), Andreas Athanasiou (Healthy)

% Time on Ice - Los Angeles Kings

Lines # - Real PCT - Wanted PCT - Time Play
Normal Forward
1 - 28% - 30% - 14:35
2 - 29% - 30% - 14:47
3 - 24% - 25% - 12:16
4 - 19% - 15% - 9:53
Normal Defense
1 - 32% - 30% - 16:20
2 - 30% - 30% - 15:32
3 - 25% - 25% - 13:08
4 - 13% - 15% - 6:31
PP Forward
1 - 51% - 50% - 2:17
2 - 49% - 50% - 2:14
PP Defense
1 - 54% - 50% - 2:25
2 - 46% - 50% - 2:06
PK Forward
1 - 50% - 50% - 2:00
2 - 50% - 50% - 1:58
PK Defense
1 - 56% - 50% - 2:13
2 - 44% - 50% - 1:45
PK3 Forward
1 - 0% - 50%
2 - 0% - 50%
PK3 Defense
1 - 0% - 50%
2 - 0% - 50%
44 Forward
1 - 0% - 50%
2 - 0% - 50%
44 Defense
1 - 0% - 50%
2 - 0% - 50%
Last Minute Offensive  - 0:00
Last Minute Defensive  - 0:00
Total
Forward - 60:00
Defense - 60:00

% Time on Ice - Vegas Golden Knights

Lines # - Real PCT - Wanted PCT - Time Play
Normal Forward
1 - 31% - 30% - 15:47
2 - 29% - 30% - 14:54
3 - 23% - 25% - 11:56
4 - 17% - 15% - 8:54
Normal Defense
1 - 36% - 35% - 18:44
2 - 34% - 35% - 17:28
3 - 30% - 30% - 15:19
4 - 0% - 0% - 0:00
PP Forward
1 - 42% - 50% - 1:40
2 - 58% - 50% - 2:18
PP Defense
1 - 32% - 50% - 1:15
2 - 68% - 50% - 2:43
PK Forward
1 - 50% - 50% - 2:16
2 - 50% - 50% - 2:15
PK Defense
1 - 51% - 50% - 2:18
2 - 49% - 50% - 2:13
PK3 Forward
1 - 0% - 50%
2 - 0% - 50%
PK3 Defense
1 - 0% - 50%
2 - 0% - 50%
44 Forward
1 - 0% - 50%
2 - 0% - 50%
44 Defense
1 - 0% - 50%
2 - 0% - 50%
Last Minute Offensive  - 0:00
Last Minute Defensive  - 0:00
Total
Forward - 60:00
Defense - 60:00

Play-by-Play

1st period


0:01 of 1st period - Mika Zibanejad wins face-off versus Evander Kane in neutral zone.
0:04 of 1st period - Logan Cooley is hit by Zach Bogosian and loses puck.
0:27 of 1st period - Jared McCann is hit by Andrei Svechnikov and loses puck.
0:38 of 1st period - Snap shot by Sean Monahan.
0:38 of 1st period - Stopped by Spencer Knight without a rebound.
0:39 of 1st period - Jordan Staal wins face-off versus Vitali Kravtsov in Los Angeles Kings zone.
1:31 of 1st period - Wrist shot by Sean Monahan.
1:31 of 1st period - Stopped by Spencer Knight with a rebound.
1:33 of 1st period - Slapshot by Zach Bogosian.
1:33 of 1st period - Deflect By Jared McCann.
1:33 of 1st period - Shot Blocked by Andrei Kuzmenko.
1:33 of 1st period - Puck is out of play.
1:34 of 1st period - Mika Zibanejad wins face-off versus Will Smith in Los Angeles Kings zone.
1:42 of 1st period - Off-side.
1:43 of 1st period - Mika Zibanejad wins face-off versus Evander Kane in neutral zone.
2:06 of 1st period - Snap shot by Bryan Rust.
2:06 of 1st period - Shot Misses the Net.
2:25 of 1st period - Wrist shot by Bryan Rust.
2:25 of 1st period - Shot Misses the Net.
2:27 of 1st period - Wrist shot by Shea Theodore.
2:27 of 1st period - Stopped by Spencer Knight without a rebound.
2:28 of 1st period - Jordan Staal wins face-off versus Jansen Harkins in Los Angeles Kings zone.
2:44 of 1st period - Off-side.
2:45 of 1st period - Adam Fantilli wins face-off versus Sean Monahan in neutral zone.
2:59 of 1st period - Minor Penalty to Shea Theodore for Interference.
3:00 of 1st period - Jordan Staal wins face-off versus Logan Cooley in Vegas Golden Knights zone.
3:31 of 1st period - Slapshot by Logan Cooley.
3:31 of 1st period - Deflect By Joseph Veleno.
3:31 of 1st period - Shot Blocked by Thomas Chabot.
3:31 of 1st period - Puck is out of play.
3:32 of 1st period - Adam Fantilli wins face-off versus Cole Smith in Vegas Golden Knights zone.
3:37 of 1st period - Wrist shot by Adam Fantilli.
3:37 of 1st period - Stopped by Mackenzie Blackwood with a rebound.
4:59 of 1st period - Penalty to Shea Theodore is over, Shea Theodore is back on ice.
5:20 of 1st period - Ryan Suter is hit by Tyler Toffoli and loses puck.
5:33 of 1st period - Will Smith is hit by Auston Matthews and loses puck.
5:40 of 1st period - Snap shot by Mika Zibanejad.
5:40 of 1st period - Stopped by Spencer Knight with a rebound.
5:42 of 1st period - Snap shot by Mika Zibanejad.
5:42 of 1st period - Shot Misses the Net.
5:54 of 1st period - Alexander Romanov is hit by Anthony Mantha and loses puck.
6:20 of 1st period - Slapshot by Andrei Svechnikov.
6:20 of 1st period - Deflect By Sean Monahan.
6:20 of 1st period - Shot Misses the Net.
6:20 of 1st period - Puck is out of play.
6:21 of 1st period - Adam Fantilli wins face-off versus Sean Monahan in Vegas Golden Knights zone.
6:32 of 1st period - Slapshot by Adam Fantilli.
6:32 of 1st period - Shot Blocked by Jared McCann.
6:40 of 1st period - Andrei Kuzmenko is hit by Roman Josi and loses puck.
7:01 of 1st period - Snap shot by Adam Fantilli.
7:01 of 1st period - Stopped by Mackenzie Blackwood without a rebound.
7:02 of 1st period - Jordan Staal wins face-off versus Jansen Harkins in Vegas Golden Knights zone.
7:52 of 1st period - Erik Johnson is hit by Joseph Veleno and loses puck.
8:18 of 1st period - Joseph Veleno is hit by Mathieu Olivier and loses puck.
9:49 of 1st period - Slapshot by Charlie McAvoy.
9:49 of 1st period - Shot Blocked by Travis Hamonic.
10:11 of 1st period - Snap shot by Mathieu Olivier.
10:11 of 1st period - Stopped by Spencer Knight without a rebound.
10:12 of 1st period - Adam Fantilli wins face-off versus Jordan Staal in Los Angeles Kings zone.
10:19 of 1st period - Snap shot by Andrei Svechnikov.
10:19 of 1st period - Stopped by Mackenzie Blackwood with a rebound.
10:41 of 1st period - Off-side.
10:42 of 1st period - Jansen Harkins wins face-off versus Jared McCann in neutral zone.
10:56 of 1st period - Off-side.
10:57 of 1st period - Jordan Staal wins face-off versus Adam Fantilli in neutral zone.
11:33 of 1st period - Slapshot by Logan Cooley.
11:33 of 1st period - Shot Misses the Net.
11:35 of 1st period - Slapshot by K'Andre Miller.
11:35 of 1st period - Stopped by Mackenzie Blackwood with a rebound.
12:44 of 1st period - Wrist shot by Adam Fantilli.
12:44 of 1st period - Shot Misses the Net.
12:46 of 1st period - Snap shot by MacKenzie Weegar.
12:46 of 1st period - Shot Misses the Net.
12:48 of 1st period - Snap shot by Andrei Kuzmenko.
12:48 of 1st period - Deflect By Erik Johnson.
12:48 of 1st period - Stopped by Mackenzie Blackwood without a rebound.
12:49 of 1st period - Jordan Staal wins face-off versus Evander Kane in Vegas Golden Knights zone.
13:04 of 1st period - Wrist shot by Logan Cooley.
13:04 of 1st period - Shot Misses the Net.
13:20 of 1st period - Snap shot by Andrei Kuzmenko.
13:20 of 1st period - Shot Misses the Net.
13:22 of 1st period - Wrist shot by Andrei Kuzmenko.
13:22 of 1st period - Stopped by Mackenzie Blackwood without a rebound.
13:23 of 1st period - Adam Fantilli wins face-off versus Tyler Toffoli in Vegas Golden Knights zone.
13:26 of 1st period - Snap shot by Andrei Svechnikov.
13:26 of 1st period - Goal by Andrei Svechnikov - Los Angeles Kings : 1 - Vegas Golden Knights : 0.
13:27 of 1st period - Sean Monahan wins face-off versus Adam Fantilli in neutral zone.
13:27 of 1st period - Jared McCann is hit by K'Andre Miller and loses puck.
13:34 of 1st period - Snap shot by Adam Fantilli.
13:34 of 1st period - Shot Misses the Net.
13:36 of 1st period - Snap shot by Andrei Kuzmenko.
13:36 of 1st period - Shot Blocked by Sean Monahan.
13:38 of 1st period - Wrist shot by Adam Fantilli.
13:38 of 1st period - Stopped by Mackenzie Blackwood without a rebound.
13:39 of 1st period - Evander Kane wins face-off versus Mika Zibanejad in Vegas Golden Knights zone.
13:49 of 1st period - Minor Penalty to Erik Johnson for High sticking.
13:50 of 1st period - Jordan Staal wins face-off versus Adam Fantilli in Vegas Golden Knights zone.
14:15 of 1st period - Ryan Suter is hit by Jordan Staal and loses puck.
14:22 of 1st period - Slapshot by Charlie McAvoy.
14:22 of 1st period - Goal by Charlie McAvoy - Los Angeles Kings : 2 - Vegas Golden Knights : 0.
14:23 of 1st period - Sean Monahan wins face-off versus Adam Fantilli in neutral zone.
14:28 of 1st period - Snap shot by Jared McCann.
14:28 of 1st period - Deflect By Sean Monahan.
14:28 of 1st period - Shot Misses the Net.
14:28 of 1st period - Puck is out of play.
14:29 of 1st period - Adam Fantilli wins face-off versus Sean Monahan in Los Angeles Kings zone.
14:42 of 1st period - Slapshot by Adam Fantilli.
14:42 of 1st period - Shot Misses the Net.
14:44 of 1st period - Slapshot by Andrei Kuzmenko.
14:44 of 1st period - Stopped by Mackenzie Blackwood with a rebound.
15:17 of 1st period - Minor Penalty to Charlie McAvoy for Holding.
15:18 of 1st period - Mika Zibanejad wins face-off versus Adam Fantilli in Los Angeles Kings zone.
15:23 of 1st period - Slapshot by Bryan Rust.
15:23 of 1st period - Shot Blocked by Adam Fantilli.
15:29 of 1st period - Wrist shot by Bryan Rust.
15:29 of 1st period - Stopped by Spencer Knight without a rebound.
15:30 of 1st period - Jordan Staal wins face-off versus Logan Cooley in Los Angeles Kings zone.
16:06 of 1st period - Wrist shot by Auston Matthews.
16:06 of 1st period - Shot Blocked by MacKenzie Weegar.
17:04 of 1st period - Icing by Jordan Staal.
17:05 of 1st period - Jordan Staal wins face-off versus Logan Cooley in Vegas Golden Knights zone.
17:17 of 1st period - Penalty to Charlie McAvoy is over, Charlie McAvoy is back on ice.
18:07 of 1st period - Snap shot by Andrei Svechnikov.
18:07 of 1st period - Goal by Andrei Svechnikov - Los Angeles Kings : 3 - Vegas Golden Knights : 0.
18:08 of 1st period - Adam Fantilli wins face-off versus Mika Zibanejad in neutral zone.
18:35 of 1st period - K'Andre Miller is hit by Tyler Toffoli and loses puck.
19:00 of 1st period - Snap shot by Jordan Staal.
19:00 of 1st period - Deflect By Reilly Smith.
19:00 of 1st period - Stopped by Spencer Knight with a rebound.
19:20 of 1st period - Slapshot by Anthony Mantha.
19:20 of 1st period - Stopped by Spencer Knight with a rebound.
19:22 of 1st period - Snap shot by Mathieu Olivier.
19:22 of 1st period - Stopped by Spencer Knight without a rebound.
19:23 of 1st period - Adam Fantilli wins face-off versus Mika Zibanejad in Los Angeles Kings zone.
Goals for this period are 3 for Los Angeles Kings vs 0 for Vegas Golden Knights.
Shots for this period are 11 for Los Angeles Kings vs 9 for Vegas Golden Knights.

2nd period


0:01 of 2nd period - Jordan Staal wins face-off versus Evander Kane in neutral zone.
0:39 of 2nd period - Off-side.
0:40 of 2nd period - Mika Zibanejad wins face-off versus Jackson Blake in neutral zone.
0:53 of 2nd period - Snap shot by Mika Zibanejad.
0:53 of 2nd period - Shot Misses the Net.
0:55 of 2nd period - Snap shot by Mika Zibanejad.
0:55 of 2nd period - Stopped by Spencer Knight with a rebound.
1:07 of 2nd period - Jared McCann is hit by K'Andre Miller and loses puck.
2:52 of 2nd period - Jared McCann is hit by Adam Fantilli.
3:02 of 2nd period - Slapshot by Jared McCann.
3:02 of 2nd period - Stopped by Spencer Knight with a rebound.
3:16 of 2nd period - Wrist shot by Mathew Barzal.
3:16 of 2nd period - Shot Misses the Net.
3:35 of 2nd period - Off-side.
3:36 of 2nd period - Mika Zibanejad wins face-off versus Jansen Harkins in neutral zone.
3:41 of 2nd period - Snap shot by Bryan Rust.
3:41 of 2nd period - Stopped by Spencer Knight with a rebound.
3:47 of 2nd period - Wrist shot by Jackson Blake.
3:47 of 2nd period - Deflect By Jansen Harkins.
3:47 of 2nd period - Stopped by Mackenzie Blackwood with a rebound.
3:49 of 2nd period - Slapshot by Ryan Suter.
3:49 of 2nd period - Deflect By Jackson Blake.
3:49 of 2nd period - Shot Misses the Net.
3:49 of 2nd period - Puck is out of play.
3:50 of 2nd period - Jordan Staal wins face-off versus Evander Kane in Vegas Golden Knights zone.
4:36 of 2nd period - Wrist shot by Joseph Veleno.
4:36 of 2nd period - Stopped by Mackenzie Blackwood without a rebound.
4:37 of 2nd period - Joseph Veleno wins face-off versus Mika Zibanejad in Vegas Golden Knights zone.
4:40 of 2nd period - Slapshot by K'Andre Miller.
4:40 of 2nd period - Stopped by Mackenzie Blackwood with a rebound.
5:16 of 2nd period - Snap shot by Jordan Staal.
5:16 of 2nd period - Stopped by Spencer Knight with a rebound.
6:06 of 2nd period - Zach Bogosian is hit by Cooper Marody and loses puck.
6:44 of 2nd period - Alexander Romanov is hit by Tyler Toffoli and loses puck.
7:13 of 2nd period - Snap shot by Mika Zibanejad.
7:13 of 2nd period - Shot Blocked by Alexander Romanov.
7:15 of 2nd period - Backhand shot by Zach Bogosian.
7:15 of 2nd period - Shot Misses the Net.
7:57 of 2nd period - Alexander Romanov is hit by Cole Smith and loses puck.
8:08 of 2nd period - Snap shot by K'Andre Miller.
8:08 of 2nd period - Deflect By Joseph Veleno.
8:08 of 2nd period - Stopped by Mackenzie Blackwood with a rebound.
8:10 of 2nd period - Wrist shot by Cooper Marody.
8:10 of 2nd period - Stopped by Mackenzie Blackwood with a rebound.
8:19 of 2nd period - Off-side.
8:20 of 2nd period - Sean Monahan wins face-off versus Jansen Harkins in neutral zone.
8:23 of 2nd period - Charlie McAvoy is hit by Jared McCann and loses puck.
8:36 of 2nd period - Backhand shot by Tyler Toffoli.
8:36 of 2nd period - Deflect By Jared McCann.
8:36 of 2nd period - Shot Blocked by Jansen Harkins.
8:36 of 2nd period - Puck is out of play.
8:37 of 2nd period - Mika Zibanejad wins face-off versus Evander Kane in Los Angeles Kings zone.
8:50 of 2nd period - Slapshot by Bryan Rust.
8:50 of 2nd period - Shot Blocked by MacKenzie Weegar.
8:52 of 2nd period - Snap shot by Mika Zibanejad.
8:52 of 2nd period - Shot Misses the Net.
8:54 of 2nd period - Wrist shot by Bryan Rust.
8:54 of 2nd period - Shot Misses the Net.
9:04 of 2nd period - Andrei Kuzmenko is hit by Tyler Toffoli and loses puck.
9:25 of 2nd period - Thomas Chabot is hit by Jackson Blake and loses puck.
9:46 of 2nd period - Ryan Suter is hit by Mathieu Olivier and loses puck.
10:21 of 2nd period - Slapshot by Charlie McAvoy.
10:21 of 2nd period - Shot Blocked by Mika Zibanejad.
10:23 of 2nd period - Snap shot by Cooper Marody.
10:23 of 2nd period - Shot Misses the Net.
10:25 of 2nd period - Snap shot by Charlie McAvoy.
10:25 of 2nd period - Shot Misses the Net.
10:27 of 2nd period - Snap shot by Cooper Marody.
10:27 of 2nd period - Stopped by Mackenzie Blackwood with a rebound.
10:29 of 2nd period - Slapshot by Charlie McAvoy.
10:29 of 2nd period - Shot Blocked by Mika Zibanejad.
10:49 of 2nd period - Backhand shot by Ryan Suter.
10:49 of 2nd period - Shot Misses the Net.
10:51 of 2nd period - Slapshot by Charlie McAvoy.
10:51 of 2nd period - Stopped by Mackenzie Blackwood with a rebound.
10:57 of 2nd period - Wrist shot by Mikey Eyssimont.
10:57 of 2nd period - Shot Misses the Net.
10:59 of 2nd period - Snap shot by Joseph Veleno.
10:59 of 2nd period - Stopped by Mackenzie Blackwood without a rebound.
11:00 of 2nd period - Will Smith wins face-off versus Sean Monahan in Vegas Golden Knights zone.
11:34 of 2nd period - Slapshot by MacKenzie Weegar.
11:34 of 2nd period - Stopped by Mackenzie Blackwood with a rebound.
11:36 of 2nd period - Wrist shot by Jansen Harkins.
11:36 of 2nd period - Deflect By Jackson Blake.
11:36 of 2nd period - Shot Misses the Net.
11:36 of 2nd period - Puck is out of play.
11:37 of 2nd period - Adam Fantilli wins face-off versus Mathew Barzal in Vegas Golden Knights zone.
11:44 of 2nd period - Wrist shot by Andrei Kuzmenko.
11:44 of 2nd period - Shot Blocked by Anthony Mantha.
12:04 of 2nd period - Slapshot by Reilly Smith.
12:04 of 2nd period - Stopped by Spencer Knight without a rebound.
12:05 of 2nd period - Jordan Staal wins face-off versus Evander Kane in Los Angeles Kings zone.
12:05 of 2nd period - Jordan Staal is hit by MacKenzie Weegar.
12:11 of 2nd period - Snap shot by Jordan Staal.
12:11 of 2nd period - Stopped by Spencer Knight without a rebound.
12:12 of 2nd period - Sean Monahan wins face-off versus Evander Kane in Los Angeles Kings zone.
12:17 of 2nd period - Snap shot by Sean Monahan.
12:17 of 2nd period - Stopped by Spencer Knight without a rebound.
12:18 of 2nd period - Evander Kane wins face-off versus Sean Monahan in Los Angeles Kings zone.
13:19 of 2nd period - Slapshot by Logan Cooley.
13:19 of 2nd period - Shot Misses the Net.
13:23 of 2nd period - Snap shot by Will Smith.
13:23 of 2nd period - Stopped by Mackenzie Blackwood with a rebound.
13:25 of 2nd period - Snap shot by Evander Kane.
13:25 of 2nd period - Stopped by Mackenzie Blackwood without a rebound.
13:26 of 2nd period - Mika Zibanejad wins face-off versus Andrei Kuzmenko in Vegas Golden Knights zone.
14:38 of 2nd period - Off-side.
14:39 of 2nd period - Jordan Staal wins face-off versus Jansen Harkins in neutral zone.
14:46 of 2nd period - Slapshot by Shea Theodore.
14:46 of 2nd period - Deflect By MacKenzie Weegar.
14:46 of 2nd period - Stopped by Spencer Knight with a rebound.
14:48 of 2nd period - Slapshot by Shea Theodore.
14:48 of 2nd period - Shot Blocked by K'Andre Miller.
14:50 of 2nd period - Wrist shot by Reilly Smith.
14:50 of 2nd period - Stopped by Spencer Knight without a rebound.
14:51 of 2nd period - Adam Fantilli wins face-off versus Mika Zibanejad in Los Angeles Kings zone.
15:03 of 2nd period - Thomas Chabot is hit by K'Andre Miller and loses puck.
15:27 of 2nd period - Backhand shot by Jordan Staal.
15:27 of 2nd period - Goal by Jordan Staal - Los Angeles Kings : 3 - Vegas Golden Knights : 1.
15:28 of 2nd period - Adam Fantilli wins face-off versus Mika Zibanejad in neutral zone.
15:53 of 2nd period - Sean Monahan is hit by Evander Kane and loses puck.
16:42 of 2nd period - Wrist shot by Jansen Harkins.
16:42 of 2nd period - Goal by Jansen Harkins - Los Angeles Kings : 4 - Vegas Golden Knights : 1.
16:43 of 2nd period - Mika Zibanejad wins face-off versus Andrei Svechnikov in neutral zone.
16:48 of 2nd period - Snap shot by Bryan Rust.
16:48 of 2nd period - Shot Misses the Net.
16:50 of 2nd period - Snap shot by Auston Matthews.
16:50 of 2nd period - Shot Misses the Net.
16:58 of 2nd period - Slapshot by Auston Matthews.
16:58 of 2nd period - Stopped by Spencer Knight with a rebound.
17:00 of 2nd period - Slapshot by Roman Josi.
17:00 of 2nd period - Stopped by Spencer Knight with a rebound.
17:33 of 2nd period - Jansen Harkins is hit by Cole Smith and loses puck.
17:58 of 2nd period - Slapshot by Anthony Mantha.
17:58 of 2nd period - Shot Misses the Net.
18:15 of 2nd period - Off-side.
18:16 of 2nd period - Mika Zibanejad wins face-off versus Andrei Kuzmenko in neutral zone.
18:16 of 2nd period - Mika Zibanejad is hit by Adam Fantilli.
18:40 of 2nd period - Snap shot by Auston Matthews.
18:40 of 2nd period - Stopped by Spencer Knight with a rebound.
18:42 of 2nd period - Slapshot by Roman Josi.
18:42 of 2nd period - Stopped by Spencer Knight without a rebound.
18:43 of 2nd period - Evander Kane wins face-off versus Jared McCann in Los Angeles Kings zone.
19:33 of 2nd period - Snap shot by Mika Zibanejad.
19:33 of 2nd period - Stopped by Spencer Knight without a rebound.
19:34 of 2nd period - Adam Fantilli wins face-off versus Mika Zibanejad in Los Angeles Kings zone.
19:34 of 2nd period - Adam Fantilli is hit by Bryan Rust.
Goals for this period are 1 for Los Angeles Kings vs 1 for Vegas Golden Knights.
Shots for this period are 12 for Los Angeles Kings vs 15 for Vegas Golden Knights.

3rd period


0:01 of 3rd period - Sean Monahan wins face-off versus Will Smith in neutral zone.
0:34 of 3rd period - Wrist shot by Jansen Harkins.
0:34 of 3rd period - Stopped by Mackenzie Blackwood without a rebound.
0:35 of 3rd period - Mika Zibanejad wins face-off versus Adam Fantilli in Vegas Golden Knights zone.
0:35 of 3rd period - Mika Zibanejad is hit by Adam Fantilli.
0:55 of 3rd period - Mika Zibanejad is hit by Adam Fantilli and loses puck.
1:12 of 3rd period - Snap shot by Logan Cooley.
1:12 of 3rd period - Stopped by Mackenzie Blackwood without a rebound.
1:13 of 3rd period - Tyler Toffoli wins face-off versus Evander Kane in Vegas Golden Knights zone.
1:13 of 3rd period - Tyler Toffoli is hit by MacKenzie Weegar.
1:38 of 3rd period - Shea Theodore is hit by Andrei Kuzmenko and loses puck.
1:59 of 3rd period - Wrist shot by Sean Monahan.
1:59 of 3rd period - Shot Misses the Net.
2:01 of 3rd period - Snap shot by Sean Monahan.
2:01 of 3rd period - Shot Blocked by Adam Fantilli.
2:03 of 3rd period - Snap shot by Jared McCann.
2:03 of 3rd period - Stopped by Spencer Knight with a rebound.
2:05 of 3rd period - Slapshot by Shea Theodore.
2:05 of 3rd period - Shot Blocked by Adam Fantilli.
2:07 of 3rd period - Slapshot by Shea Theodore.
2:07 of 3rd period - Deflect By Sean Monahan.
2:07 of 3rd period - Stopped by Spencer Knight with a rebound.
2:09 of 3rd period - Wrist shot by Jared McCann.
2:09 of 3rd period - Shot Misses the Net.
2:38 of 3rd period - Slapshot by Erik Johnson.
2:38 of 3rd period - Stopped by Spencer Knight without a rebound.
2:39 of 3rd period - Jordan Staal wins face-off versus Jansen Harkins in Los Angeles Kings zone.
2:46 of 3rd period - Wrist shot by Reilly Smith.
2:46 of 3rd period - Shot Misses the Net.
2:48 of 3rd period - Snap shot by Cole Smith.
2:48 of 3rd period - Shot Misses the Net.
2:50 of 3rd period - Snap shot by Reilly Smith.
2:50 of 3rd period - Shot Misses the Net.
2:52 of 3rd period - Slapshot by Travis Hamonic.
2:52 of 3rd period - Deflect By MacKenzie Weegar.
2:52 of 3rd period - Stopped by Spencer Knight with a rebound.
2:54 of 3rd period - Snap shot by Travis Hamonic.
2:54 of 3rd period - Shot Misses the Net.
3:04 of 3rd period - MacKenzie Weegar is hit by Anthony Mantha and loses puck.
3:11 of 3rd period - Snap shot by Anthony Mantha.
3:11 of 3rd period - Stopped by Spencer Knight with a rebound.
3:23 of 3rd period - Mika Zibanejad is hit by K'Andre Miller and loses puck.
3:30 of 3rd period - MacKenzie Weegar is hit by Bryan Rust and loses puck.
3:35 of 3rd period - Snap shot by Auston Matthews.
3:35 of 3rd period - Shot Misses the Net.
3:47 of 3rd period - Snap shot by Jordan Staal.
3:47 of 3rd period - Stopped by Spencer Knight with a rebound.
3:49 of 3rd period - Slapshot by Travis Hamonic.
3:49 of 3rd period - Stopped by Spencer Knight with a rebound.
3:51 of 3rd period - Slapshot by Roman Josi.
3:51 of 3rd period - Shot Blocked by K'Andre Miller.
4:29 of 3rd period - Wrist shot by MacKenzie Weegar.
4:29 of 3rd period - Shot Misses the Net.
4:31 of 3rd period - Wrist shot by Evander Kane.
4:31 of 3rd period - Shot Misses the Net.
4:33 of 3rd period - Slapshot by Logan Cooley.
4:33 of 3rd period - Shot Misses the Net.
4:35 of 3rd period - Snap shot by Evander Kane.
4:35 of 3rd period - Stopped by Mackenzie Blackwood without a rebound.
4:36 of 3rd period - Will Smith wins face-off versus Jordan Staal in Vegas Golden Knights zone.
4:37 of 3rd period - Snap shot by Logan Cooley.
4:37 of 3rd period - Stopped by Mackenzie Blackwood without a rebound.
4:38 of 3rd period - Jordan Staal wins face-off versus Will Smith in Vegas Golden Knights zone.
4:38 of 3rd period - Jordan Staal is hit by Evander Kane.
4:52 of 3rd period - Slapshot by Logan Cooley.
4:52 of 3rd period - Stopped by Mackenzie Blackwood with a rebound.
5:04 of 3rd period - Jordan Staal is hit by Joseph Veleno and loses puck.
5:08 of 3rd period - Icing by Reilly Smith.
5:09 of 3rd period - Joseph Veleno wins face-off versus Jordan Staal in Vegas Golden Knights zone.
5:14 of 3rd period - Wrist shot by Joseph Veleno.
5:14 of 3rd period - Stopped by Mackenzie Blackwood without a rebound.
5:15 of 3rd period - Mika Zibanejad wins face-off versus Evander Kane in Vegas Golden Knights zone.
5:50 of 3rd period - Snap shot by Andrei Svechnikov.
5:50 of 3rd period - Stopped by Mackenzie Blackwood without a rebound.
5:51 of 3rd period - Jordan Staal wins face-off versus Evander Kane in Vegas Golden Knights zone.
6:47 of 3rd period - Slapshot by K'Andre Miller.
6:47 of 3rd period - Stopped by Mackenzie Blackwood without a rebound.
6:48 of 3rd period - Mika Zibanejad wins face-off versus Evander Kane in Vegas Golden Knights zone.
7:03 of 3rd period - Wrist shot by Will Smith.
7:03 of 3rd period - Shot Misses the Net.
7:40 of 3rd period - Snap shot by Jared McCann.
7:40 of 3rd period - Shot Blocked by Ryan Suter.
7:42 of 3rd period - Slapshot by Cole Smith.
7:42 of 3rd period - Deflect By Reilly Smith.
7:42 of 3rd period - Shot Blocked by Vitali Kravtsov.
7:42 of 3rd period - Puck is out of play.
7:43 of 3rd period - Jansen Harkins wins face-off versus Jordan Staal in Los Angeles Kings zone.
7:52 of 3rd period - Backhand shot by Jackson Blake.
7:52 of 3rd period - Stopped by Mackenzie Blackwood without a rebound.
7:53 of 3rd period - Will Smith wins face-off versus Mika Zibanejad in Vegas Golden Knights zone.
7:58 of 3rd period - Snap shot by Logan Cooley.
7:58 of 3rd period - Stopped by Mackenzie Blackwood with a rebound.
8:00 of 3rd period - Wrist shot by Evander Kane.
8:00 of 3rd period - Shot Blocked by Auston Matthews.
8:14 of 3rd period - Minor Penalty to Roman Josi for Tripping.
8:15 of 3rd period - Adam Fantilli wins face-off versus Jordan Staal in Vegas Golden Knights zone.
8:20 of 3rd period - Snap shot by Adam Fantilli.
8:20 of 3rd period - Shot Misses the Net.
8:28 of 3rd period - Wrist shot by Adam Fantilli.
8:28 of 3rd period - Stopped by Mackenzie Blackwood without a rebound.
8:29 of 3rd period - Joseph Veleno wins face-off versus Cole Smith in Vegas Golden Knights zone.
10:14 of 3rd period - Penalty to Roman Josi is over, Roman Josi is back on ice.
10:59 of 3rd period - Wrist shot by Tyler Toffoli.
10:59 of 3rd period - Stopped by Spencer Knight without a rebound.
11:00 of 3rd period - Mika Zibanejad wins face-off versus Evander Kane in Los Angeles Kings zone.
11:47 of 3rd period - Alexander Romanov is hit by Anthony Mantha and loses puck.
12:39 of 3rd period - Snap shot by Jordan Staal.
12:39 of 3rd period - Shot Misses the Net.
13:01 of 3rd period - Slapshot by MacKenzie Weegar.
13:01 of 3rd period - Shot Misses the Net.
13:19 of 3rd period - Snap shot by Mika Zibanejad.
13:19 of 3rd period - Shot Misses the Net.
13:42 of 3rd period - Joseph Veleno is hit by Jordan Staal and loses puck.
14:01 of 3rd period - Roman Josi is hit by Ryan Suter and loses puck.
14:31 of 3rd period - Slapshot by Mathew Barzal.
14:31 of 3rd period - Stopped by Spencer Knight with a rebound.
14:57 of 3rd period - Wrist shot by Jordan Staal.
14:57 of 3rd period - Stopped by Spencer Knight without a rebound.
14:58 of 3rd period - Jordan Staal wins face-off versus Evander Kane in Los Angeles Kings zone.
15:02 of 3rd period - Minor Penalty to Evander Kane for Tripping.
15:03 of 3rd period - Jordan Staal wins face-off versus Logan Cooley in Los Angeles Kings zone.
15:05 of 3rd period - Snap shot by Jared McCann.
15:05 of 3rd period - Stopped by Spencer Knight with a rebound.
15:07 of 3rd period - Slapshot by Thomas Chabot.
15:07 of 3rd period - Deflect By Tyler Toffoli.
15:07 of 3rd period - Shot Misses the Net.
15:07 of 3rd period - Puck is out of play.
15:08 of 3rd period - Logan Cooley wins face-off versus Jordan Staal in Los Angeles Kings zone.
15:37 of 3rd period - Snap shot by Jordan Staal.
15:37 of 3rd period - Stopped by Spencer Knight with a rebound.
16:33 of 3rd period - Jansen Harkins is hit by Anthony Mantha and loses puck.
17:02 of 3rd period - Penalty to Evander Kane is over, Evander Kane is back on ice.
17:06 of 3rd period - Slapshot by Shea Theodore.
17:06 of 3rd period - Stopped by Spencer Knight without a rebound.
17:07 of 3rd period - Joseph Veleno wins face-off versus Reilly Smith in Los Angeles Kings zone.
17:38 of 3rd period - Wrist shot by Jansen Harkins.
17:38 of 3rd period - Shot Misses the Net.
17:40 of 3rd period - Slapshot by Alexander Romanov.
17:40 of 3rd period - Shot Misses the Net.
17:42 of 3rd period - Slapshot by Alexander Romanov.
17:42 of 3rd period - Stopped by Mackenzie Blackwood without a rebound.
17:43 of 3rd period - Jansen Harkins wins face-off versus Mathew Barzal in Vegas Golden Knights zone.
18:08 of 3rd period - Adam Fantilli is hit by Reilly Smith and loses puck.
18:39 of 3rd period - Snap shot by Mika Zibanejad.
18:39 of 3rd period - Shot Misses the Net.
18:55 of 3rd period - Snap shot by Jansen Harkins.
18:55 of 3rd period - Shot Misses the Net.
19:03 of 3rd period - Wrist shot by Mathew Barzal.
19:03 of 3rd period - Shot Misses the Net.
19:13 of 3rd period - Wrist shot by Andrei Kuzmenko.
19:13 of 3rd period - Shot Blocked by Zach Bogosian.
19:53 of 3rd period - Wrist shot by Logan Cooley.
19:53 of 3rd period - Stopped by Mackenzie Blackwood without a rebound.
19:54 of 3rd period - Jordan Staal wins face-off versus Evander Kane in Vegas Golden Knights zone.
Goals for this period are 0 for Los Angeles Kings vs 0 for Vegas Golden Knights.
Shots for this period are 13 for Los Angeles Kings vs 13 for Vegas Golden Knights.